 Dungeon Crawl Stone Soup version 0.26.1-11-gd32895ea62 (webtiles) character file.

Game seed: 8871524689809875338

248 Eitelfritz the Poker (level 6, -2/47 HPs)
             Began as a Merfolk Gladiator on Apr 23, 2021.
             Slain by Grinder (4 damage)
             ... on level 3 of the Dungeon.
             The game lasted 00:09:11 (2578 turns).

Eitelfritz the Poker (Merfolk Gladiator)            Turns: 2578, Time: 00:09:12

Health: -2/47      AC:  4    Str: 14    XL:     6   Next: 12%
Magic:  6/6        EV: 15    Int: 10    God:
Gold:   85         SH:  0    Dex: 15    Spells: 5/5 levels left

rFire    . . .     SeeInvis .   a - +0 halberd
rCold    . . .     Faith    .   (shield currently unavailable)
rNeg     . . .     Spirit   .   b - +0 leather armour
rPois    .         Reflect  .   c - +0 helmet
rElec    .         Harm     .   (no cloak)
rCorr    .         Rampage  .   (no gloves)
Will     .....                  (no boots)
Stlth    ++........             (no amulet)
HPRegen  0.15/turn              (no ring)
MPRegen  0.10/turn              (no ring)

@: no status effects
A: change form in water, swift swim, stealthy swim
a: no special abilities


You were on level 3 of the Dungeon.
You visited 1 branch of the dungeon, and saw 3 of its levels.

You collected 85 gold pieces.

Inventory:

Hand Weapons
 a - a +0 halberd (weapon)
 o - a +0 trident
Missiles
 d - 3 throwing nets
 n - a javelin (quivered)
Armour
 b - a +0 leather armour (worn)
 c - a +0 helmet (worn)
Wands
 q - a wand of polymorph (4)
Scrolls
 e - a scroll of enchant weapon {unknown}
 f - a scroll of immolation {unknown}
 g - 3 scrolls of teleportation {unknown}
 h - 4 scrolls of remove curse {unknown}
 i - 3 scrolls of identify {unknown}
 m - 2 scrolls of amnesia {unknown}
Potions
 j - a potion of curing
 k - a potion of lignification {unknown}
 l - a potion of mutation {unknown}
 p - a potion of heal wounds {unknown}


   Skills:
 + Level 3.0 Fighting
 + Level 6.8 Polearms
 + Level 2.1 Throwing
 + Level 1.6 Armour
 + Level 5.4 Dodging
 + Level 1.2 Stealth


You had 5 spell levels left.
You didn't know any spells.
Your spell library was empty.

Dungeon Overview and Level Annotations

Branches:
Dungeon (3/15)

Altars:
Dithmenos

Annotations:
D:3 Grinder


Message History

Grinder is severely wounded.
Grinder hits you.
* * * LOW HITPOINT WARNING * * *
You writhe in agony.
* * * LOW HITPOINT WARNING * * *
It was a potion of curing.
You feel better. Grinder gestures at you.
You suddenly lose the ability to move!
Grinder gestures at you. You resist with significant effort. Grinder hits you.
* * * LOW HITPOINT WARNING * * *
You writhe in agony.
* * * LOW HITPOINT WARNING * * *
Grinder barely misses you.
You can move again.
You feel better. Grinder hits you!
* * * LOW HITPOINT WARNING * * *
You writhe in agony.
You die...

#..........
###.#########
# ##.#.# #.
##.#..#
#.##.###.###
#..## ##..
#.##.###.###
..
##.#5..#...
## ##@.....#
##...### #.##
... ### ##


You could see Grinder.

Vanquished Creatures
  Jessica (D:3)
  Terence (D:3)
  4 gnolls (D:2)
  9 adders
  2 leopard geckos
  An orc (D:3)
  A ball python (D:2)
  3 giant cockroaches
  7 hobgoblins
  11 jackals
  11 kobolds
  A quokka (D:2)
  5 bats
  12 frilled lizards
  7 goblins
  8 rats
84 creatures vanquished.

Vanquished Creatures (others)
  10 plants (D:1)
10 creatures vanquished.

Grand Total: 94 creatures vanquished

Notes
Turn   | Place    | Note
-------+----------+-------------------------------------------
     0 | D:1      | Eitelfritz the Merfolk Gladiator began the quest for the
                  | Orb.
     0 | D:1      | Reached XP level 1. HP: 16/16 MP: 1/1
    46 | D:1      | Reached XP level 2. HP: 22/22 MP: 2/2
    85 | D:1      | Reached skill level 5 in Polearms
   309 | D:1      | Reached XP level 3. HP: 25/28 MP: 3/3
   867 | D:2      | Reached XP level 4. HP: 34/34 MP: 4/4
  1137 | D:2      | Found a shadowy altar of Dithmenos.
  1214 | D:2      | Reached skill level 6 in Polearms
  1564 | D:2      | Reached skill level 5 in Dodging
  1566 | D:2      | Reached skill level 1 in Armour
  1566 | D:2      | Reached XP level 5. HP: 39/39 MP: 5/5
  2066 | D:3      | Reached skill level 1 in Stealth
  2476 | D:3      | Noticed Terence
  2508 | D:3      | Killed Terence
  2521 | D:3      | Noticed Jessica
  2528 | D:3      | Killed Jessica
  2529 | D:3      | Reached XP level 6. HP: 47/47 MP: 6/6
  2563 | D:3      | Noticed Grinder
  2569 | D:3      | Paralysed by Grinder for 3 turns
  2574 | D:3      | Paralysed by Grinder for 4 turns
  2578 | D:3      | HP: 2/47 [Grinder (8)]
  2578 | D:3      | Slain by Grinder

Illustrated notes

Levels and vault maps discovered:
D:1:      dpeg_arrival_long_road, layout_rooms, minmay_lizard_king
D:2:      minmay_chambers_of_ones, layout_rooms, grunt_dithmenos_smoke
D:3:      layout_loops_corners, uniq_jessica, uniq_terence,
          uniq_crazy_yiuf_cottage, uniq_grinder

Skill      XL: |  1  2  3  4  5 |
---------------+----------------+-----
Polearms       | 5 6 |  6.8
Dodging        | 5 |  5.4
Armour         | 1 |  1.6
Stealth        | 1 |  1.2
Fighting       | 3 |  3.0
Throwing       | |  2.1

Action                   |  1- 3 |  4- 6 || total
-------------------------+-------+-------++-------
Melee: Trident           |   140 |   140 ||   280
       Halberd           |       |    12 ||    12
       Unarmed           |       |     3 ||     3
Throw: Javelin           |       |     2 ||     2
       Throwing net      |       |     1 ||     1
  Use: Potion            |       |     2 ||     2
 Stab: Sleeping          |     1 |     4 ||     5
Armor: Leather armour    |    40 |    28 ||    68
Dodge: Dodged            |   122 |    94 ||   216
